 Dungeon Crawl Stone Soup version 0.29-a0-322-g68df515428 (webtiles) character file.

Game seed: 15708748702212156200

8726 Alarak the Nimble (level 11, -4/89 HPs)
             Began as a Gnoll Monk on June 25, 2021.
             Was a High Priest of Nemelex Xobeh.
             Slain by an unseen horror (8 damage)
             ... on level 11 of the Dungeon on Apr 8, 2022.
             The game lasted 01:17:37 (17127 turns).

Alarak the Nimble (Gnoll Monk)                     Turns: 17127, Time: 01:17:38

Health: -4/89      AC: 18    Str: 14    XL:     11   Next: 35%
Magic:  20/20      EV:  6    Int:  9    God:    Nemelex Xobeh [*****.]
Gold:   515        SH:  6    Dex: 15    Spells: 22/22 levels left

rFire   + . .      SeeInvis .   Z - +6 hand axe
rCold   x . .      Faith    .   w - +0 buckler
rNeg    . . .      Spirit   .   N - +0 plate armour
rPois   +          Reflect  .   u - +1 hat
rElec   .          Harm     .   H - +2 cloak {rPois}
rCorr   .          Rampage  .   R - +0 pair of gloves
Will    .....                   (no boots)
Stlth   ..........              (no amulet)
HPRegen 0.24/turn               e - ring of wizardry
MPRegen 0.17/turn               J - ring of fire

@: no status effects
A: fangs 1, strong nose, distributed training
a: Renounce Religion, Draw Escape, Draw Destruction, Draw Summoning, Triple
Draw, Deal Four, Stack Five


You were on level 11 of the Dungeon.
You worshipped Nemelex Xobeh.
Nemelex Xobeh was extremely pleased with you.
You visited 1 branch of the dungeon, and saw 11 of its levels.
You also visited: Sewer.

You collected 749 gold pieces.
You spent 234 gold pieces at shops.

Inventory:

Hand Weapons
 a - a +0 falchion
 k - a +0 long sword
 y - a +2 spear of flaming
 A - a +0 longbow
 D - a +0 hand crossbow
 M - a +1 shortbow of flaming
 Z - a +6 hand axe (weapon)
Missiles
 r - 21 poisoned darts (quivered)
 B - 171 arrows
 E - 28 bolts
 F - 8 curare-tipped darts
 K - 2 throwing nets
Armour
 b - a +0 robe
 c - a +0 chain mail
 l - a +3 leather armour
 q - a +0 leather armour
 u - a +1 hat (worn)
 w - a +0 buckler (worn)
 x - the +1 scale mail of Lugonu's Approval {rF++}
   (You bought it in a shop on level 3 of the Dungeon)

   rF:        It greatly protects you from fire.
 H - a +2 cloak of poison resistance (worn)
 N - a +0 plate armour (worn)
 R - a +0 pair of gloves (worn)
Jewellery
 e - a ring of wizardry (left hand)
 I - a ring of resist corrosion
 J - a ring of fire (right hand)
 L - a +4 ring of protection
 P - a ring of poison resistance
 U - a ring of flight
 V - a ring of wizardry
Wands
 z - a wand of acid (7)
 O - a wand of iceblast (7)
 S - a wand of mindburst (9)
 X - a wand of flame (33)
Scrolls
 h - 11 scrolls of identify
 i - 2 scrolls of magic mapping
 o - 2 scrolls of enchant weapon {unknown}
 C - a scroll of holy word {unknown}
 G - a scroll of fog {unknown}
 Y - a scroll of fear {unknown}
Potions
 d - 5 potions of lignification
 f - 3 potions of brilliance
 g - 2 potions of mutation
 j - 6 potions of curing
 m - 3 potions of might {unknown}
 n - 3 potions of degeneration {unknown}
 p - a potion of magic {unknown}
 s - 4 potions of invisibility {unknown}
 t - 5 potions of attraction {unknown}
 v - a potion of heal wounds {unknown}
 T - a potion of resistance {unknown}
 W - a potion of flight {unknown}


   Skills:
 + Level 9.1 Fighting
 + Level 6.2 Short Blades
 + Level 9.1 Long Blades
 + Level 6.2 Axes
 + Level 6.2 Maces & Flails
 + Level 6.2 Polearms
 + Level 6.2 Staves
 + Level 6.2 Slings
 + Level 6.2 Bows
 + Level 6.2 Crossbows
 + Level 6.2 Throwing
 + Level 6.2 Armour
 + Level 9.1 Dodging
 + Level 7.6 Stealth
 + Level 6.2 Shields
 + Level 6.2 Unarmed Combat
 + Level 6.2 Spellcasting
 + Level 5.1 Conjurations
 + Level 5.1 Hexes
 + Level 5.1 Summonings
 + Level 5.1 Necromancy
 + Level 5.1 Translocations
 + Level 5.1 Transmutations
 + Level 5.1 Fire Magic
 + Level 5.1 Ice Magic
 + Level 5.1 Air Magic
 + Level 5.1 Earth Magic
 + Level 5.1 Poison Magic
 + Level 6.8 Invocations
 + Level 6.2 Evocations


You had 22 spell levels left.
You didn't know any spells.
Your spell library contained the following spells:

 Spells                   Type           Power      Damage    Failure   Level
 Beastly Appendage        Tmut           24%        N/A       65%         1
 Corona                   Hex            12%        N/A       65%         1
 Magic Dart               Conj           48%        1d5       65%         1
 Ensorcelled Hibernation  Hex/Ice        24%        N/A       78%         2
 Searing Ray              Conj           24%        2d5       78%         2
 Wereblood                Tmut           12%        N/A       78%         2
 Confusing Touch          Hex            12%        N/A       94%         3
 Dazzling Flash           Conj/Hex       24%        N/A       94%         3
 Spider Form              Tmut/Pois      12%        N/A       94%         3
 Tukima's Dance           Hex            12%        N/A       94%         3
 Fulminant Prism          Conj/Hex       6%         3d7       100%        4
 Ice Form                 Ice/Tmut       12%        N/A       100%        4
 Iskenderun's Mystic Bla  Conj/Tloc      12%        2d5       100%        4


Dungeon Overview and Level Annotations

Branches:
Dungeon (11/15)            Temple (0/1) D:4             Orc (0/2) D:10
  Sewer (visited)
   Lair: D:8-11

Altars:
Makhleb
Nemelex Xobeh

Shops:
D:3 [:![(

Annotations:
Abyss:1 Erica


Innate Abilities, Weirdness & Mutations

You have very sharp teeth.
Your uncanny sense of smell can sniff out nearby items.
Your experience applies equally to all skills.


Message History

Something hits your centaur warrior! Something hits your centaur warrior.
Your centaur warrior dies!
Your centaur warrior's corpse disappears in a puff of smoke!
Something hits you but does no damage.
You miss something.
Something hits you but does no damage. x3
You closely miss something. Your bite misses something. You hit something.
Something hits you. x2; Something hits you but does no damage.
You block something's attack.
You hit something. You bite something. You barely miss something.
Something hits you.
* * * LOW HITPOINT WARNING * * *
Something hits you but does no damage. The wyvern bites you!
* * * LOW HITPOINT WARNING * * *
You draw a card...
You have drawn Vitriol.
Press: ? - help, Shift-Dir - straight line The glob of acid hits something!!
The acid corrodes something!
Reactivating autopickup.
You feel a bit more experienced. The wyvern bites you.
* * * LOW HITPOINT WARNING * * *
Something hits you!
* * * LOW HITPOINT WARNING * * *
Deactivating autopickup; reactivate with Ctrl-A.
Your centaur warrior misses the wyvern.
Your centaur warrior kicks the wyvern.
Okay, then.
You draw a card...
You have drawn Velocity.
The wyvern seems to slow down.
Something hits you but does no damage.
The wyvern bites you but does no damage.
Your centaur warrior hits the wyvern.
Your centaur warrior kicks the wyvern but does no damage.
Your centaur warrior hits the wyvern!
Your centaur warrior completely misses the wyvern.
The wyvern barely misses your centaur warrior.
You block something's attack.
Your centaur warrior hits the wyvern!
Your centaur warrior kicks the wyvern.
You draw a card...
You have drawn Wild Magic.
A flame briefly burns in thin air!
The wyvern is blasted with sand.
You feel a surge of magic. Something hits you!
You die...
Your body glows with a rainbow of weird colours and disappears.

# #.......#
#.#.###...###
..#...........#
.....#..##.##.###
........##......#
#######.#####.#.#
#.#####.#.#
######.......#.#
#@....########.#
#.c...# ######.#
#)l...# #...##.##
.......)...(#
#.#.....#
.#..#.......#
#...##.## .#.
#..##.###
##.##### .......
..# #.#
#..##.#### #.#
#.....####### #.#


You could see a wyvern (distracted, slow, ally target) and a friendly centaur
warrior (summoned).

Vanquished Creatures
  An orc knight (D:9)
  An unseen horror (D:10)
  Maggie (D:9)
  A troll (D:11)
  A shadow (D:8)
  A wraith (D:10)
  3 yaks (D:10)
  A wyvern (D:7)
  Grum (D:8)
  Eustachio (D:4)
  2 water moccasins
  Pargi (Sewer)
  3 orc warriors
  2 sky beasts (D:7)
  An ice beast (D:6)
  A black bear (D:10)
  A necrophage (D:3)
  9 ogres
  5 wolves
  5 centaurs
  2 phantoms
  5 kobold brigands
  2 gnoll sergeants
  A scorpion (D:5)
  A water moccasin skeleton (D:5)
  10 killer bees
  8 wights (D:9)
  3 howler monkeys
  3 centaur zombies
  2 jellies (D:7)
  3 orc priests
  3 centaur skeletons
  A gnoll shaman (D:7)
  6 hounds
  3 iguanas
  11 orc wizards
  24 gnolls
  5 adders
  A howler monkey skeleton (D:6)
  A shadow imp (D:8)
  3 white imps
  An adder skeleton (D:4)
  3 worms
  4 dart slugs
  45 orcs
  4 ball pythons
  5 bats
  6 endoplasms
  2 giant cockroaches
  7 goblins
  11 hobgoblins
  3 jackals (D:2)
  4 quokkas
  2 frilled lizards
  17 kobolds
  10 rats
264 creatures vanquished.

Vanquished Creatures (collateral kills)
  2 orc warriors
  2 wights (D:10)
  An orc priest (D:4)
  A gnoll shaman (D:10)
  An iguana (D:4)
  An orc wizard (D:8)
  An adder (D:4)
  A gnoll (D:10)
  An ufetubus (D:4)
  An adder skeleton (D:4)
  3 orcs
  A quokka skeleton (D:4)
16 creatures vanquished.

Vanquished Creatures (others)
  An orc wizard (D:6)
  An orc (D:3)
  7 fungi
  99 plants
108 creatures vanquished.

Grand Total: 388 creatures vanquished

Notes
Turn   | Place    | Note
-------+----------+-------------------------------------------
     0 | D:1      | Alarak the Gnoll Monk began the quest for the Orb.
     0 | D:1      | Reached XP level 1. HP: 23/23 MP: 1/1
    64 | D:1      | Found a faded altar of an unknown god.
   170 | D:1      | Became a worshipper of Nemelex Xobeh the Trickster
   170 | D:1      | Reached * piety under Nemelex Xobeh
   170 | D:1      | Received a gift from Nemelex Xobeh
   170 | D:1      | Reached ** piety under Nemelex Xobeh
   170 | D:1      | Received a gift from Nemelex Xobeh
   381 | D:1      | Reached XP level 2. HP: 28/29 MP: 2/2
   827 | D:1      | Reached *** piety under Nemelex Xobeh
   840 | D:1      | Reached XP level 3. HP: 23/35 MP: 3/3
  1403 | D:2      | Reached skill level 1 in Invocations
  2049 | D:2      | Reached skill level 1 in Short Blades
  2049 | D:2      | Reached skill level 1 in Axes
  2049 | D:2      | Reached skill level 1 in Maces & Flails
  2049 | D:2      | Reached skill level 1 in Polearms
  2049 | D:2      | Reached skill level 1 in Staves
  2049 | D:2      | Reached skill level 1 in Slings
  2049 | D:2      | Reached skill level 1 in Bows
  2049 | D:2      | Reached skill level 1 in Crossbows
  2049 | D:2      | Reached skill level 1 in Throwing
  2049 | D:2      | Reached skill level 1 in Armour
  2049 | D:2      | Reached skill level 1 in Shields
  2049 | D:2      | Reached skill level 1 in Unarmed Combat
  2049 | D:2      | Reached skill level 1 in Spellcasting
  2049 | D:2      | Reached skill level 1 in Evocations
  2246 | D:2      | Received a gift from Nemelex Xobeh
  2392 | D:2      | Reached XP level 4. HP: 41/41 MP: 5/5
  2771 | D:3      | Found Fiott's Antique Armour Shoppe.
  2812 | D:3      | Found Teecouckif's Book Emporium.
  2987 | D:3      | Found Xeoceash's Antique Armour Emporium.
  3220 | D:3      | Found Fiewilau's Weapon Boutique.
  3237 | D:3      | Reached skill level 1 in Conjurations
  3237 | D:3      | Reached skill level 1 in Hexes
  3237 | D:3      | Reached skill level 1 in Summonings
  3237 | D:3      | Reached skill level 1 in Necromancy
  3237 | D:3      | Reached skill level 1 in Translocations
  3237 | D:3      | Reached skill level 1 in Transmutations
  3237 | D:3      | Reached skill level 1 in Fire Magic
  3237 | D:3      | Reached skill level 1 in Ice Magic
  3237 | D:3      | Reached skill level 1 in Air Magic
  3237 | D:3      | Reached skill level 1 in Earth Magic
  3237 | D:3      | Reached skill level 1 in Poison Magic
  3238 | D:3      | Noticed a necrophage
  3241 | D:3      | Found a glowing drain.
  3255 | D:3      | Killed a necrophage
  3256 | D:3      | Reached XP level 5. HP: 23/47 MP: 5/7
  3413 | Sewer    | Entered a sewer
  3458 | Sewer    | Noticed Purgy
  3462 | Sewer    | Killed Purgy
  3463 | Sewer    | Reached XP level 6. HP: 53/53 MP: 8/8
  3663 | D:3      | Reached **** piety under Nemelex Xobeh
  3919 | D:3      | Found Fecuwn's Distillery.
  4320 | D:4      | Noticed Eustachio
  4325 | D:4      | Received a gift from Nemelex Xobeh
  4350 | D:4      | Killed Eustachio
  4351 | D:4      | Reached XP level 7. HP: 25/59 MP: 10/10
  4855 | D:4      | Found a staircase to the Ecumenical Temple.
  5158 | D:5      | Entered Level 5 of the Dungeon
  5252 | D:3      | Bought a pitted scale mail for 234 gold pieces
  5252 | D:3      | Identified the +1 scale mail of Lugonu's Approval {rF++}
                  | (You bought it in a shop on level 3 of the Dungeon)
  5532 | D:4      | Upgraded the game from 0.27-a0-1325-g58a489ad9e to
                  | 0.27-a0-1347-gd8886f0a89
  5561 | D:5      | Reached skill level 5 in Stealth
  5921 | D:5      | Reached XP level 8. HP: 63/67 MP: 12/12
  7936 | D:6      | Received a gift from Nemelex Xobeh
  7970 | D:6      | Reached XP level 9. HP: 57/73 MP: 14/14
  8216 | D:6      | Reached ***** piety under Nemelex Xobeh
  8508 | D:7      | Received a gift from Nemelex Xobeh
  8879 | D:7      | Identified the +1 robe of the Harvest {rC+ Stlth+}
  9588 | D:7      | Reached skill level 5 in Invocations
  9978 | D:7      | Identified the +1 leather armour of Uckop {rF+ Will- Str+2
                  | SInv}
 10021 | D:7      | Received a gift from Nemelex Xobeh
 10061 | D:7      | Found a burning altar of Makhleb.
 10813 | D:7      | Reached XP level 10. HP: 79/80 MP: 17/17
 11201 | D:8      | Reached skill level 5 in Short Blades
 11201 | D:8      | Reached skill level 5 in Axes
 11201 | D:8      | Reached skill level 5 in Maces & Flails
 11201 | D:8      | Reached skill level 5 in Polearms
 11201 | D:8      | Reached skill level 5 in Staves
 11201 | D:8      | Reached skill level 5 in Slings
 11201 | D:8      | Reached skill level 5 in Bows
 11201 | D:8      | Reached skill level 5 in Crossbows
 11201 | D:8      | Reached skill level 5 in Throwing
 11201 | D:8      | Reached skill level 5 in Armour
 11201 | D:8      | Reached skill level 5 in Shields
 11201 | D:8      | Reached skill level 5 in Unarmed Combat
 11201 | D:8      | Reached skill level 5 in Spellcasting
 11201 | D:8      | Reached skill level 5 in Evocations
 11367 | D:8      | Noticed Grum
 11393 | D:8      | Killed Grum
 12289 | D:8      | Received a gift from Nemelex Xobeh
 13421 | D:9      | Upgraded the game from 0.27-a0-1347-gd8886f0a89 to
                  | 0.28-a0-21-gf74fda84f9
 13498 | D:9      | Upgraded the game from 0.28-a0-21-gf74fda84f9 to
                  | 0.28-a0-43-g560ac104fe
 13855 | D:9      | Received a gift from Nemelex Xobeh
 13959 | D:9      | Upgraded the game from 0.28-a0-43-g560ac104fe to
                  | 0.28-a0-71-g84acfa7270
 14110 | D:10     | Entered Level 10 of the Dungeon
 14111 | D:10     | Noticed an orc knight
 14111 | D:10     | Noticed Maggie
 14161 | D:9      | Killed Maggie
 14294 | D:9      | Killed an orc knight
 14910 | D:10     | Reached XP level 11. HP: 78/87 MP: 19/19
 15240 | D:10     | Upgraded the game from 0.28-a0-71-g84acfa7270 to
                  | 0.28-a0-1199-gef9e1dbd39
 15240 | D:10     | Upgraded the game from 0.28-a0-1199-gef9e1dbd39 to
                  | 0.29-a0-233-g1125b37a9b
 15274 | D:10     | Upgraded the game from 0.29-a0-233-g1125b37a9b to
                  | 0.29-a0-322-g68df515428
 15340 | D:10     | Noticed Erica
 15548 | D:10     | Banished Erica
 15549 | D:10     | Reached skill level 5 in Conjurations
 15549 | D:10     | Reached skill level 5 in Hexes
 15549 | D:10     | Reached skill level 5 in Summonings
 15549 | D:10     | Reached skill level 5 in Necromancy
 15549 | D:10     | Reached skill level 5 in Translocations
 15549 | D:10     | Reached skill level 5 in Transmutations
 15549 | D:10     | Reached skill level 5 in Fire Magic
 15549 | D:10     | Reached skill level 5 in Ice Magic
 15549 | D:10     | Reached skill level 5 in Air Magic
 15549 | D:10     | Reached skill level 5 in Earth Magic
 15549 | D:10     | Reached skill level 5 in Poison Magic
 15694 | D:10     | Found a staircase to the Orcish Mines.
 16195 | D:10     | Received a gift from Nemelex Xobeh
 17124 | D:11     | HP: 3/89 [something (8)]
 17127 | D:11     | Slain by an unseen horror

Illustrated notes

Levels and vault maps discovered:
D:1:      lemuel_arrival_hallway, layout_loops_ring,
          hellmonk_ecumenical_altar_lost_god
D:2:      layout_loops_corners, serial_co_window_serial, co_window_cross_1,
          co_window_of_opportunity_a, co_window_paths_b,
          co_window_of_opportunity_a, co_window_paths_b, co_window_corner_b,
          co_window_broadway_a, co_window_corner_b, co_window_corner_b,
          co_window_corner_b, co_window_corner_ca, co_window_of_opportunity_c,
          co_window_paths_d, co_window_paths_e, glass_columns_c,
          glass_columns_a, glass_columns_a, glass_columns_a
D:3:      layout_loops_ring, cheibrodos_sewer_entry_drain, serial_shops, shop,
          nicolae_shop_crystal, nicolae_shop_statue_plus, nicolae_shop_crystal,
          shop, serial_forest, infiniplex_forest_lined_3_way,
          infiniplex_forest_clump_double, infiniplex_forest_clump_medium,
          infiniplex_forest_straight_2, infiniplex_forest_fountain,
          infiniplex_forest_straight_5, infiniplex_forest_split,
          infiniplex_forest_lined_3, infiniplex_forest_corner_1
D:4:      layout_rooms, minmay_temple_entry_nine_rooms, uniq_eustachio
D:5:      layout_basic, minmay_misc_feat_four_crosses
D:6:      layout_basic
D:7:      kennysheep_seaside_town, layout_gridville, overflow_temple_1_default
D:8:      layout_basic, corexii_hall_statues_x, kennysheep_boxes, uniq_grum
D:9:      layout_long_grid
D:10:     layout_cave_pools, hiddenorc1_lemuel, uniq_maggie, uniq_erica
D:11:     layout_loops_cross, minmay_lair_entry_grove, serial_shops,
          nicolae_shop_bloodbath_and_beyond

Skill      XL: |  1  2  3  4  5  6  7  8  9 10 11 |
---------------+----------------------------------+-----
Invocations    | 1 2 3 4 5 6 |  6.8
Short Blades   | 1 2 3 4 5 6 |  6.2
Axes           | 1 2 3 4 5 6 |  6.2
Maces & Flails | 1 2 3 4 5 6 |  6.2
Polearms       | 1 2 3 4 5 6 |  6.2
Staves         | 1 2 3 4 5 6 |  6.2
Slings         | 1 2 3 4 5 6 |  6.2
Bows           | 1 2 3 4 5 6 |  6.2
Crossbows      | 1 2 3 4 5 6 |  6.2
Throwing       | 1 2 3 4 5 6 |  6.2
Armour         | 1 2 3 4 5 6 |  6.2
Shields        | 1 2 3 4 5 6 |  6.2
Unarmed Combat | 1 2 3 4 5 6 |  6.2
Spellcasting   | 1 2 3 4 5 6 |  6.2
Evocations     | 1 2 3 4 5 6 |  6.2
Conjurations   | 1 2 3 4 5 |  5.1
Hexes          | 1 2 3 4 5 |  5.1
Summonings     | 1 2 3 4 5 |  5.1
Necromancy     | 1 2 3 4 5 |  5.1
Translocations | 1 2 3 4 5 |  5.1
Transmutations | 1 2 3 4 5 |  5.1
Fire Magic     | 1 2 3 4 5 |  5.1
Ice Magic      | 1 2 3 4 5 |  5.1
Air Magic      | 1 2 3 4 5 |  5.1
Earth Magic    | 1 2 3 4 5 |  5.1
Poison Magic   | 1 2 3 4 5 |  5.1
Fighting       | 7 8 9 |  9.1
Long Blades    | 7 8 9 |  9.1
Dodging        | 7 8 9 |  9.1
Stealth        | 5 6 7 |  7.6

Action                   |  1- 3 |  4- 6 |  7- 9 | 10-12 || total
-------------------------+-------+-------+-------+-------++-------
Melee: Falchion          |    68 |       |       |       ||    68
       Punch             |     5 |    20 |    52 |    27 ||   104
       Touch             |     2 |       |     2 |       ||     4
       Long sword        |    34 |   119 |    66 |       ||   219
       Spear             |       |       |   322 |   218 ||   540
       Hand axe          |       |       |       |   192 ||   192
       Bite              |       |       |       |     9 ||     9
 Fire: Longbow           |       |       |    18 |       ||    18
       Hand crossbow     |       |       |    20 |    62 ||    82
Throw: Dart              |       |     6 |    89 |    43 ||   138
Invok: Draw Destruction  |     1 |    10 |    10 |    18 ||    39
       Draw Summoning    |       |     1 |     1 |     5 ||     7
       Draw Escape       |       |       |     2 |     6 ||     8
       Triple Draw       |       |       |       |     1 ||     1
Evoke: Wand              |       |       |     3 |       ||     3
  Use: Scroll            |       |     8 |     1 |     1 ||    10
 Stab: Sleeping          |     7 |     4 |     3 |       ||    14
       Distracted        |     1 |     2 |     1 |       ||     4
Armor: Robe              |    10 |     1 |       |       ||    11
       Leather armour    |       |    23 |    15 |       ||    38
       Scale mail        |       |       |    34 |       ||    34
       Chain mail        |       |       |    73 |       ||    73
       Plate armour      |       |       |    17 |   373 ||   390
Dodge: Dodged            |    83 |    71 |   142 |   146 ||   442
Block: Buckler           |       |       |    32 |   127 ||   159
       Rpst.: Falchion   |    18 |       |       |       ||    18
       Long sword        |    12 |    22 |     6 |       ||    40

Table legend: (Time is in decaauts)
 A = Elapsed time spent in this place.
 B = Non-inter-level travel time spent in this place.
 C = Inter-level travel time spent in this place.
 D = Time resting spent in this place.
 E = Time spent auto-exploring this place.
 F = Levels seen in this place.
 G = Mean time per level.
                   A        B        C        D        E       F      G
               +--------+--------+--------+--------+--------+-----+--------+
         Total |  17121 |  16070 |   1051 |   5769 |   7775 |  12 | 1426.8 |
       Dungeon |  16916 |  15865 |   1051 |   5755 |   7649 |  11 | 1537.8 |
         Sewer |    205 |    205 |      0 |     14 |    126 |   1 |  205.0 |
               +--------+--------+--------+--------+--------+-----+--------+

Top non-repeatable levels by time:
     D:7: 2516 daAuts
    D:10: 2187 daAuts
     D:9: 1946 daAuts
     D:8: 1864 daAuts
     D:3: 1648 daAuts
     D:6: 1604 daAuts
     D:2: 1468 daAuts
     D:1: 1301 daAuts
     D:4: 1162 daAuts
     D:5: 1011 daAuts
   Sewer: 205 daAuts
    D:11: 204 daAuts
